 Dungeon Crawl Stone Soup version 0.24-a0-479-g9a978d2894 (webtiles) character file.

Game seed: 4199981437012855551

195 DonutEater the Digger (level 5, -1/28 HPs)
             Began as a Gargoyle Earth Elementalist on July 8, 2019.
             Slain by an iguana (10 damage)
             ... on level 4 of the Dungeon.
             The game lasted 00:06:26 (4726 turns).

DonutEater the Digger (Gargoyle Earth Elementalist) Turns: 4726, Time: 00:06:27

Health: -1/28      AC:  7    Str: 11    XL:     5   Next: 74%
Magic:  6/10       EV: 12    Int: 17    God:
Gold:   90         SH:  0    Dex: 10    Spells: 2/11 levels left

rFire    . . .     SeeInvis .   f - +2 short sword (speed)
rCold    . . .     Gourm    .   (no shield)
rNeg     + . .     Faith    .   c - +1 robe
rPois    ∞         Spirit   .   (no helmet)
rElec    +         Reflect  .   (no cloak)
rCorr    .         Harm     .   (no gloves)
MR       .....                  (no boots)
Stlth    ++........             (no amulet)
HPRegen  0.09/turn              (no ring)
MPRegen  0.12/turn              (no ring)

@: no status effects
A: negative energy resistance 1, electricity resistance, unbreathing,
petrification resistance, rot immunity, AC +4
a: no special abilities


You were on level 4 of the Dungeon.
You were not hungry.

You visited 1 branch of the dungeon, and saw 4 of its levels.

You collected 90 gold pieces.

Inventory:

Hand Weapons
 e - a +0 club
 f - a +2 short sword of speed (weapon)
 h - a +1 dagger
 l - a +0 mace
Missiles
 b - 4 stones (quivered)
Armour
 c - a +1 robe (worn)
Jewellery
 o - an uncursed ring of fire
Scrolls
 m - a scroll of remove curse
Potions
 a - 2 potions of curing
 g - a potion of agility
 i - 2 potions of might {unknown}
 j - a potion of invisibility {unknown}
 k - a potion of mutation {unknown}
 n - a potion of heal wounds {unknown}
Comestibles
 d - 6 rations


   Skills:
 - Level 1.5 Dodging
 - Level 2.1 Stealth
 + Level 3.6 Spellcasting
 + Level 2.5 Conjurations
   Level 0.7 Transmutations
 + Level 5.4 Earth Magic


You had 2 spell levels left.
You knew the following spells:

 Your Spells              Type           Power        Failure   Level  Hunger
a - Sandblast             Erth           ###...       1%          1    None
b - Stone Arrow           Conj/Erth      ###...       10%         3    ###....
c - Lee's Rapid Deconstr  Erth           ###.......   43%         5    ######.

Your spell library contained the following spells:

 Spells                   Type           Power        Failure   Level  Hunger
 Passwall                 Tmut/Erth      ##......     7%          2    ##.....
 Petrify                  Tmut/Erth      ##......     43%         4    ####...


Dungeon Overview and Level Annotations

Branches:
Dungeon (4/15)
 Temple: D:4-7

Altars:
Hepliaklqana
Okawaru
Trog
Zin


Innate Abilities, Weirdness & Mutations

You are resistant to torment.
Your stone body is resilient. (AC +4)
You are immune to poison.
You resist negative energy. (rN+)
You are resistant to electric shocks. (rElec)
You can survive without breathing.
You are immune to petrification.
You are immune to rotting.


Message History

The iguana bites you!
Casting: Sandblast (safe; 1% risk of failure)
Confirm with . or Enter, or press ? or * to list all spells.
Aiming: Sandblast (safe; 1% risk of failure)
Press: ? - help, Shift-Dir - straight line, f/p - iguana
Aim: an iguana (lightly wounded)
The blast of sand hits the iguana but does no damage.
The iguana is lightly wounded.
b - 5 stones The iguana bites you!
Casting: Sandblast (safe; 1% risk of failure)
Confirm with . or Enter, or press ? or * to list all spells.
Aiming: Sandblast (safe; 1% risk of failure)
Press: ? - help, Shift-Dir - straight line, f/p - iguana
Aim: an iguana (lightly wounded)
The blast of sand hits the iguana but does no damage.
The iguana is lightly wounded.
b - 4 stones The iguana bites you!
You die...

############
#..........#
#.########.#######
#.#..............#
#.##.#####.####.## #@#
.# #.# #.# #l# .# #.#
#.# #.# .# #.# #.#
#.##.#####.# #.##
###$###w#........# #...
.......>........########
.....[...........#.....#
####.##..........#.###.#
.....%.[.......#.# #..


You could see an iguana and a dart slug.

Vanquished Creatures
  An orc wizard (D:4)
  2 worker ants (D:4)
  2 adders (D:2)
  9 worms
  2 leopard geckos
  9 orcs
  2 ball pythons (D:2)
  4 giant cockroaches
  4 goblins
  7 hobgoblins
  A quokka (D:2)
  6 bats
  2 frilled lizards
  10 kobolds
  7 rats
68 creatures vanquished.

Vanquished Creatures (others)
  4 toadstools (D:1)
4 creatures vanquished.

Grand Total: 72 creatures vanquished

Notes
Turn   | Place    | Note
-------+----------+-------------------------------------------
     0 | D:1      | DonutEater the Gargoyle Earth Elementalist began the quest
                  | for the Orb.
     0 | D:1      | Reached XP level 1. HP: 10/10 MP: 3/3
   474 | D:1      | Reached XP level 2. HP: 15/15 MP: 5/5
   491 | D:1      | Reached skill level 4 in Earth Magic
  1208 | D:2      | Found an iron altar of Okawaru.
  1388 | D:2      | Reached XP level 3. HP: 19/19 MP: 4/7
  1393 | D:2      | Learned a level 3 spell: Stone Arrow
  1442 | D:2      | Found a hazy altar of Hepliaklqana.
  1521 | D:2      | Noticed a moth of wrath
  2247 | D:2      | Found a bloodstained altar of Trog.
  2274 | D:2      | Reached skill level 1 in Conjurations
  2353 | D:2      | Reached XP level 4. HP: 15/24 MP: 4/8
  3007 | D:2      | Found a glowing silver altar of Zin.
  3007 | D:2      | Noticed an angel
  3866 | D:3      | Reached skill level 5 in Earth Magic
  4279 | D:4      | Reached XP level 5. HP: 18/28 MP: 7/10
  4289 | D:4      | Learned a level 5 spell: Lee's Rapid Deconstruction
  4726 | D:4      | Slain by an iguana

Levels and vault maps discovered:
D:1:      ldierk_walled_garden_2, layout_loops_ring
D:2:      layout_basic, lemuel_round_altar, zin_angel, tgw_trog,
          lemuel_round_altar
D:3:      layout_loops_cross
D:4:      layout_basic, nicolae_overflow_hidden_temple, serial_shops,
          nicolae_shop_temple_entry_statues_fountains, first_ration,
          lexackson_kobold_supper

Skill      XL: |  1  2  3  4 |
---------------+-------------+-----
Earth Magic    | 4 5 |  5.4
Conjurations   | 1 2 |  2.5
Spellcasting   | 3 |  3.6
Dodging        | |  1.5
Stealth        | |  2.1
Transmutations | |  0.7

Action                   |  1- 3 |  4- 6 || total
-------------------------+-------+-------++-------
Melee: Club              |    22 |       ||    22
       Dagger            |    85 |    38 ||   123
       Short sword       |       |    98 ||    98
 Cast: Sandblast         |    33 |    14 ||    47
       Stone Arrow       |       |     3 ||     3
  Use: Scroll            |     4 |     4 ||     8
 Stab: Sleeping          |     2 |     4 ||     6
  Eat: Chunk             |     5 |     8 ||    13
Armor: Robe              |    38 |    27 ||    65
Dodge: Dodged            |    70 |    68 ||   138

Table legend:
 A = Non-vault XP
 B = Vault XP
 C = Vault XP percentage of total XP
 D = Non-vault monster count
 E = Vault monster count
 F = Vault count percentage of total count
                 A         B        C        D         E       F
            +---------+---------+-------+---------+---------+-------
      Total |     266 |      13 |   4.7 |      63 |       5 |   7.4
            +---------+---------+-------+---------+---------+-------
        D:1 |      24 |       0 |   0.0 |      14 |       0 |   0.0
        D:2 |      80 |      13 |  14.0 |      25 |       5 |  16.7
        D:3 |      37 |       0 |   0.0 |      16 |       0 |   0.0
        D:4 |     125 |       0 |   0.0 |       8 |       0 |   0.0
            +---------+---------+-------+---------+---------+-------
